 Dungeon Crawl Stone Soup version 0.30-a0-737-gf23d94013f (webtiles) character file.

Game seed: 10635215328395307913

2228 retardedninja the Trooper (level 9, 0/57 HPs)
             Began as a Gargoyle Fighter on Feb 1, 2023.
             Was an Initiate of Gozag.
             Killed by nerve-wracking pain
             ... invoked by an orc priest
              (4 damage)
             ... on level 6 of the Dungeon.
             The game lasted 00:10:52 (6982 turns).

retardedninja the Trooper (Gargoyle Fighter)        Turns: 6982, Time: 00:10:52

Health: 0/57       AC: 24    Str: 23    XL:     9   Next: 36%
Magic:  9/9        EV:  6    Int: 10    God:    Gozag
Gold:   421        SH: 10    Dex:  9    Spells: 8/8 levels left

rFire   . . .      SeeInvis .    a - +3 flail
rCold   . . .      Faith    .    c - +0 buckler
rNeg    + . .      Spirit   .    o - +0 plate armour
rPois   ∞          Reflect  +    B - +0 helmet
rElec   +          Harm     .    y - +1 cloak {rPois}
rCorr   .          Rampage  .    p - +0 pair of gloves
Will    .....                    (no boots) Stlth
                                 v - amulet of reflection
HPRegen 0.29/turn                (no ring)
MPRegen 0.11/turn                (no ring)

@: brilliant, invisible
A: sickness immunity, AC +6, negative energy resistance 1, electricity
resistance, torment resistance 1, petrification resistance
a: Renounce Religion, Potion Petition, Call Merchant, Bribe Branch


You were on level 6 of the Dungeon.
You worshipped Gozag.
Gozag was aware of your devotion.
You visited 2 branches of the dungeon, and saw 7 of its levels.

You collected 691 gold pieces.
You spent 210 gold pieces at shops.
You paid 60 gold pieces to Gozag.

Inventory:

Hand Weapons
 a - a +3 flail (weapon)
Armour
 c - a +0 buckler (worn)
 o - a +0 plate armour (worn)
 p - a +0 pair of gloves (worn)
 y - a +1 cloak of poison resistance (worn)
 B - a +0 helmet (worn)
Jewellery
 v - an amulet of reflection (around neck)
Wands
 b - a wand of paralysis (6)
 r - a wand of flame (15)
Scrolls
 e - 2 scrolls of fear {unknown}
 f - 2 scrolls of silence
 h - a scroll of blinking {unknown}
 i - a scroll of noise
 k - a scroll of magic mapping {unknown}
 l - 3 scrolls of teleportation {unknown}
 m - a scroll of summoning {unknown}
 n - a scroll of vulnerability {unknown}
 s - 3 scrolls of identify {unknown}
Potions
 j - a potion of lignification {unknown}
 u - a potion of haste {unknown}
 z - a potion of mutation {unknown}
 A - a potion of attraction
 D - a potion of experience {unknown}


   Skills:
 + Level 7.4 Fighting
 + Level 6.3 Maces & Flails
 + Level 7.4 Armour
 + Level 7.4 Shields


You had 8 spell levels left.
You didn't know any spells.
Your spell library contained the following spells:

 Spells                   Type           Power      Damage    Failure   Level
 Blink                    Tloc           0%         N/A       100%        2
 Lesser Beckoning         Tloc           0%         N/A       100%        2
 Momentum Strike          Conj/Tloc      0%         3d8       100%        2
 Call Canine Familiar     Summ           0%         N/A       100%        3
 Gell's Gravitas          Tloc           0%         N/A       100%        3
 Portal Projectile        Hex/Tloc       0%         N/A       100%        3
 Teleport Other           Tloc           0%         N/A       100%        3
 Tukima's Dance           Hex            0%         N/A       100%        3
 Leda's Liquefaction      Hex/Erth       0%         N/A       100%        4
 Blade Hands              Tmut           0%         N/A       100%        5
 Dispersal                Tloc           0%         N/A       100%        6


Dungeon Overview and Level Annotations

Branches:
Dungeon (6/15)             Temple (1/1) D:4

Altars:
Ashenzari
Cheibriados
Dithmenos
Elyvilon
Fedhas
Gozag
Hepliaklqana
Kikubaaqudgha
Makhleb
Nemelex Xobeh
Okawaru
Qazlal
Sif Muna
Trog
Wu Jian
Xom
Yredelemnul
Lugonu

Shops:
D:5 :(:[(*   D:6 (

Portals:
Abyss: D:5


Innate Abilities, Weirdness & Mutations

You are immune to sickness and miasma.
Your stone body is resilient. (AC +6)
You are immune to poison.
You resist negative energy. (rN+)
You are resistant to electric shocks. (rElec)
You are resistant to unholy torment.
You are immune to petrification.


Message History

You kill the gnoll bouda!
You now have 421 gold pieces (gained 5).
l - 3 scrolls labelled SAIMORI KOUROES (gained 1)
Things that are here:
the +5 woodcutter's axe; a +0 leather armour An orc priest comes into view.
It is wielding a +0 dagger.
The orc priest shouts!
You hear a shout! x2
An orc priest comes into view. It is wielding a +0 flail.
The orc priest calls down the wrath of Beogh upon you.
Beogh smites you!
An orc comes into view. It is wielding a +0 falchion.
You closely miss the orc priest.
The orc priest mumbles some strange prayers to Beogh against you.
Beogh smites you!
* * * LOW HITPOINT WARNING * * *
You block the orc priest's attack.
You closely miss the orc priest. The orc priest barely misses you.
You fade into invisibility!
You block the orc priest's attack.
You barely miss the orc priest.
The orc priest hits you but does no damage.
You catch the helpless orc completely off-guard!
You hit the orc.
The orc is severely wounded.
Your attacks no longer feel as feeble.
The orc priest invokes the aid of Beogh against you.
You struggle to resist.
An orc wizard comes into view. It is wielding a +0 dagger.
The orc wizard shouts!
The orc priest hits you with a +0 flail.
* * * LOW HITPOINT WARNING * * *
The orc hits you but does no damage. The orc priest barely misses you.
It was a potion of brilliance.
You feel clever all of a sudden.
The orc wizard shouts!
The orc priest barely misses you. You block the orc's attack.
The orc priest mumbles some strange prayers to Beogh against you.
Pain shoots through your body!
You die...
Your body crumbles into a pile of gold.

# ♣$♣ #............)....#..##...
#.##.########.......)....#..##...
............#............#..##...
............'............#...#...
#...#########....##+######...#...
#...#........)...#...........'...
#...#........>...+..........##...
#...#...........o######'##..##...
#...#...........@o.......#..##...
#...#.....#######o.......#.......
....#.....'.....#........#.......
#....(#.....#........#.......
........#.....#....o...#.......
........#...<.#........#..####.
........#....<#.<......#######.
........#.....#........#.......
...##+###.....#........+.......


You could see 2 orc priests, an orc wizard (unable to see you) and an orc
(unable to see you).

Vanquished Creatures
  Grinder (D:3)
  Sigmund (D:4)
  An orc warrior (D:5)
  A sky beast (D:5)
  3 phantoms (D:5)
  A kobold brigand (D:6)
  7 gnoll sergeants (D:6)
  2 scorpions
  A necrophage (D:6)
  4 jellies
  2 hounds
  An orc priest (D:5)
  2 gnoll boudas (D:6)
  6 iguanas
  Natasha (thrice) (D:2)
  3 adders
  10 gnolls
  3 white imps (D:6)
  An ufetubus (D:6)
  A worm (D:3)
  2 dart slugs
  12 orcs
  11 bats
  8 endoplasms
  5 giant cockroaches
  7 goblins
  9 hobgoblins
  7 jackals
  A quokka (D:2)
  7 ball pythons
  5 frilled lizards
  13 kobolds
  9 rats
150 creatures vanquished.

Vanquished Creatures (others)
  A kobold (D:6)
  2 lurking horrors (D:5)
  2 plants (D:4)
5 creatures vanquished.

Grand Total: 155 creatures vanquished

Notes
Turn   | Place    | Note
-------+----------+-------------------------------------------
     0 | D:1      | retardedninja the Gargoyle Fighter began the quest for the
                  | Orb.
     0 | D:1      | Reached XP level 1. HP: 14/14 MP: 1/1
    84 | D:1      | Reached XP level 2. HP: 17/19 MP: 2/2
   359 | D:1      | Reached XP level 3. HP: 23/24 MP: 3/3
   684 | D:2      | Noticed Natasha
   702 | D:2      | Killed Natasha
   703 | D:2      | Reached XP level 4. HP: 4/29 MP: 4/4
   903 | D:2      | Noticed Natasha
   913 | D:2      | Killed Natasha
  1148 | D:2      | Noticed Natasha
  1158 | D:2      | Killed Natasha
  1159 | D:2      | Reached XP level 5. HP: 26/33 MP: 5/5
  1245 | D:2      | Found a faded altar of an unknown god.
  1542 | D:3      | Found an ornate altar of the Wu Jian Council.
  1545 | D:3      | Noticed Grinder
  1554 | D:3      | Killed Grinder
  1555 | D:3      | Reached XP level 6. HP: 20/40 MP: 6/6
  2163 | D:3      | Reached skill level 5 in Fighting
  2222 | D:3      | Reached skill level 5 in Armour
  2588 | D:4      | Found a hazy altar of Hepliaklqana.
  2599 | D:4      | Reached skill level 5 in Shields
  2599 | D:4      | Reached XP level 7. HP: 30/44 MP: 7/7
  3106 | D:4      | Found a staircase to the Ecumenical Temple.
  3157 | Temple   | Entered the Ecumenical Temple
  3178 | Temple   | Became a worshipper of Gozag Ym Sagoz the Greedy
  3708 | D:4      | Noticed Sigmund
  3744 | D:4      | Killed Sigmund
  4014 | D:5      | Entered Level 5 of the Dungeon
  4023 | D:5      | Found a corrupted altar of Lugonu.
  4023 | D:5      | Found a one-way gate to the infinite horrors of the Abyss.
  4240 | D:5      | Found Vukluc's Antique Armour Boutique.
  4241 | D:5      | Found Demafyw's Assorted Antiques.
  4241 | D:5      | Found Ycwad's Antique Weapon Emporium.
  4242 | D:5      | Found Yhykludo's Book Shop.
  4271 | D:5      | Bought a runed cloak for 210 gold pieces
  4310 | D:5      | Reached XP level 8. HP: 45/51 MP: 8/8
  4419 | D:5      | Found Yjoh's Book Emporium.
  4712 | D:5      | Reached skill level 5 in Maces & Flails
  4724 | D:5      | Found Affakh's Weapon Shop.
  5694 | D:6      | Found a shimmering blue altar of Sif Muna.
  5792 | D:6      | Found Founlix's Antique Weapon Boutique.
  6101 | D:6      | Reached XP level 9. HP: 28/56 MP: 9/9
  6982 | D:6      | Killed from afar by an orc priest

Illustrated notes

Levels and vault maps discovered:
D:1:      dpeg_arrival_lava_altar, layout_rooms
D:2:      minmay_inner_zag, layout_rooms,
          hellmonk_ecumenical_altar_leap_of_faith, kennysheep_doodads,
          uniq_natasha
D:3:      layout_basic, mainiacjoe_overflow_alcove_1, uniq_grinder
D:4:      layout_rooms, nicolae_hepliaklqana_hazy_memory,
          minmay_temple_entry_ruins, dk_noncrumbling_2, uniq_sigmund
D:5:      layout_loops_ring, serial_shops, nicolae_diamond_shop, minivault_11,
          nicolae_wooded_promenade, amethyst_killhole, roderic_roman_lattice,
          nicolae_stop_n_shop_2, hangedman_decor_peaks_small,
          amcnicky_altar_lugonu_corruption
D:6:      layout_gridville, led_sif_book, zin_treasury,
          mainiacjoe_overflow_concentric_impassable, serial_shops,
          nicolae_shop_hallway_stairs, pf_guarded_unrand_woodcutter
Temple:   jpeg_temple_clearing

Skill      XL: |  1  2  3  4  5  6  7  8  9 |
---------------+----------------------------+-----
Fighting       | 4 5 6 7 |  7.4
Armour         | 4 5 6 7 |  7.4
Shields        | 4 5 6 7 |  7.4
Maces & Flails | 3 4 5 6 |  6.3

Action                     |  1- 3 |  4- 6 |  7- 9 || total
---------------------------+-------+-------+-------++-------
  Melee: Flail             |    95 |   112 |   286 ||   493
  Evoke: Wand              |       |       |    10 ||    10
    Use: Scroll            |       |     6 |     1 ||     7
         Potion            |       |       |     8 ||     8
   Stab: Distracted        |       |       |     1 ||     1
         Invisible         |       |       |     5 ||     5
 Armour: Scale mail        |    75 |    60 |     5 ||   140
         Chain mail        |       |       |    79 ||    79
         Plate armour      |       |       |    82 ||    82
  Dodge: Dodged            |    55 |    63 |    84 ||   202
  Block: Buckler           |    26 |    29 |   155 ||   210
         Reflection        |       |       |     3 ||     3

Table legend: (Time is in decaauts)
 A = Elapsed time spent in this place.
 B = Non-inter-level travel time spent in this place.
 C = Inter-level travel time spent in this place.
 D = Time resting spent in this place.
 E = Time spent auto-exploring this place.
 F = Levels seen in this place.
 G = Mean time per level.
                   A        B        C        D        E       F      G
               +--------+--------+--------+--------+--------+-----+--------+
         Total |   7113 |   6885 |    228 |   2421 |   3163 |   7 | 1016.1 |
       Dungeon |   7027 |   6812 |    215 |   2421 |   3113 |   6 | 1171.2 |
        Temple |     86 |     73 |     13 |      0 |     50 |   1 |   86.0 |
               +--------+--------+--------+--------+--------+-----+--------+

Top non-repeatable levels by time:
     D:5: 1572 daAuts
     D:6: 1429 daAuts
     D:4: 1359 daAuts
     D:3: 1136 daAuts
     D:2: 923 daAuts
     D:1: 604 daAuts
  Temple: 86 daAuts
